cohdb
Replays
Latest Replays
All Replays
Popular Replays
Top Player Replays
Match Explorer
How It Works
Community
CoH3 Stats
Reddit
Sign in to upload your games and track your stats! →
Sign in with Steam
Match 41230716
Unlisted
Match 41230716
Overview
Messages
Build Orders
End
Construct Barracks
Selects Advanced Infantry Battlegroup
Riflemen Squad
Riflemen Squad
Riflemen Squad
Grenade Package
Selects Ammunition Storage
Construct Medical Station
Engineer Squad
Infantry Support Center
Munitions Surplus
Demolitions Package
Selects M2A1 105mm Howitzer Emplacement
Construct Motor Pool
Selects Free Fire Drills
Selects Convert to Ranger Squad
M1918 Browning Automatic Rifles
Selects Designate Assault Position
.30 cal Machine Gun
M24 Chaffee Light Tank
.30 cal Machine Gun
Advanced Logistics
.30 cal Machine Gun
M24 Chaffee Light Tank
Selects Infantry Assault
Infantry Assault
Engineer Squad
Survival Training
M24 Chaffee Light Tank
Infantry Assault
.30 cal Machine Gun
.30 cal Machine Gun
Infantry Assault
Engineer Squad
M24 Chaffee Light Tank
Infantry Assault
Pinhead Larry
Illusive Man
MathiasCZR01
Not Emily Willis™
一千個妓女的兒子
Adelfos88
Swat5.1
!Yes, I Still Hating My Mates31
0
0
Comments
sign in to comment!
No comments posted yet!